 Dungeon Crawl Stone Soup version 0.18-b1-16-g289874d (webtiles) character file.

46 warlockg3 the Firebug (level 3, -4/27 HPs)
             Began as a Draconian Fire Elementalist on May 1, 2016.
             Slain by a worm (7 damage)
             ... on level 2 of the Dungeon.
             The game lasted 00:10:37 (989 turns).

warlockg3 the Firebug (Draconian Fire Elementalist)  Turns: 989, Time: 00:10:37

Health: -4/27      AC:  5    Str: 10    XL:     3   Next: 44%
Magic:  0/6        EV: 12    Int: 16    God:
Gold:   82         SH:  0    Dex: 11    Spells: 2 memorised, 3 levels left

rFire  . . .     SeeInvis .     d - +0 short sword
rCold  . . .     Gourm    .     (armour unavailable)
rNeg   . . .     Faith    .     (no shield)
rPois  .         Spirit   .     (helmet restricted)
rElec  .         Dismiss  .     (no cloak)
rCorr  .         Reflect  .     (no gloves)
SustAt .         Harm     .     (no boots)
MR     .....                    e - amulet of regeneration
Stlth  ++........               (no ring)
                                (no ring)

@: not resistant to hostile enchantments, unstealthy
A: unfitting armour, cold-blooded, AC +5
a: no special abilities


You were on level 2 of the Dungeon.
You were hungry.

You visited 1 branch of the dungeon, and saw 2 of its levels.

You collected 82 gold pieces.

Inventory:

Hand Weapons
 d - a +0 short sword (weapon)
Jewellery
 e - an amulet of regeneration (around neck)
Scrolls
 c - a scroll of identify {unknown}
 g - 2 scrolls of enchant weapon {unknown}
 k - a scroll of enchant armour {unknown}
 o - a scroll of random uselessness {unknown}
Potions
 f - 3 potions of berserk rage {unknown}
 h - 2 potions of curing {unknown}
 i - a potion of lignification {unknown}
 j - a potion of degeneration {unknown}
 l - a potion of cure mutation {unknown}
 m - a potion of cancellation {unknown}
Books
 a - a book of Flames

   Spells                             Type                      Level
   a - Flame Tongue                   Conjuration/Fire             1
   b - Throw Flame                    Conjuration/Fire             2
   c - Conjure Flame                  Conjuration/Fire             3
   d - Inner Flame                    Hexes/Fire                   3
   e - Sticky Flame                   Conjuration/Fire             4
   f - Fireball                       Conjuration/Fire             5
Comestibles
 b - 3 bread rations
 n - a royal jelly


   Skills:
 + Level 0.9 Fighting
 + Level 2.4 Dodging
 + Level 2.0 Stealth
 + Level 0.2 Unarmed Combat
 + Level 2.2 Spellcasting
 * Level 1.3 Conjurations
 + Level 3.3 Fire Magic


You had 3 spell levels left.
You knew the following spells:

 Your Spells              Type           Power        Failure   Level  Hunger
a - Flame Tongue          Conj/Fire      #....        10%         1    #......
b - Throw Flame           Conj/Fire      #.....       14%         2    ###....


Dungeon Overview and Level Annotations

Branches:
Dungeon (2/15)

Altars:
Gozag


Innate Abilities, Weirdness & Mutations

Your plain brown scales are hard (AC +5).
Your body does not fit into most forms of armour.
You are cold-blooded and may be slowed by cold attacks.


Message History

Aim: a worm (lightly wounded)
The flame tongue hits the worm.
The worm appears unharmed.
The worm is lightly wounded.
Your magical contamination has completely faded away.
You hit the worm.
The worm is moderately wounded.
The worm bites you!
You hit the worm.
The worm is moderately wounded.
The worm closely misses you.
You hit the worm. You tail-slap the worm.
The worm is severely wounded.
The worm bites you!
* * * LOW HITPOINT WARNING * * *
You barely miss the worm.
The worm is heavily wounded.
You completely miss the worm.
The worm is heavily wounded.
The worm bites you!
You die...

###.....w.#..)....# #.#.# ..
#.......#.......# #.#.# ..
###.......#.......# #.#.. .
..........#.......# #.#.#.#
##.#'##..w#.......# #.#.#.#
#.#...._.........#.#.#...# #
#.#..#...##....w.#.#.#.###.##.#
#.#..##########w##............#
#.#..# ###@####.#..##.###
#.#..# #......#.#..<# #.#..#
#.#.##.#.#...# #..# #.#...
#.#...# #..# #.######.#.###
#..# #.......)#.. ####
############


You could see 2 worms.

Vanquished Creatures
  An adder (D:1)
  A gnoll (D:1)
  A dart slug (D:1)
  A giant gecko (D:1)
  A ball python (D:1)
  2 giant cockroaches (D:1)
  5 goblins
  A hobgoblin (D:1)
  4 bats (D:1)
  A giant newt (D:1)
  3 kobolds (D:1)
  4 rats (D:1)
25 creatures vanquished.

Notes
Turn   | Place    | Note
--------------------------------------------------------------
     0 | D:1      | warlockg3 the Draconian Fire Elementalist began the quest for the Orb.
     0 | D:1      | Reached XP level 1. HP: 14/14 MP: 3/3
   348 | D:1      | Reached XP level 2. HP: 17/20 MP: 5/5
   499 | D:1      | Reached XP level 3. HP: 5/27 MP: 1/6
   861 | D:2      | Learned a level 2 spell: Throw Flame
   886 | D:2      | Found an opulent altar of Gozag.
   989 | D:2      | Slain by a worm

Skill      XL: |  1  2 |
---------------+-------+-----
Dodging        | 2 |  2.4
Stealth        | 2 |  2.0
Fighting       | |  0.9
Unarmed Combat | |  0.2
Spellcasting   | |  2.2
Conjurations   | |  1.3
Fire Magic     | |  3.3

Action                   || total
-------------------------++-------
Melee: Short sword       ||    79
       Tailslap          ||    11
       Unarmed           ||     6
 Cast: Flame Tongue      ||    14
       Throw Flame       ||     2
 Stab: Sleeping          ||     3
Armor: Skin              ||    49
Dodge: Dodged            ||    72
